 Dungeon Crawl Stone Soup version 0.23.0-42-geed6394480 (webtiles) character file.

Game seed: 16770037278898948279

44 1994 the Stinger (level 3, -3/28 HPs)
             Began as a Naga Venom Mage on Mar 1, 2019.
             Slain by a gnoll (4 damage)
             ... on level 2 of the Dungeon.
             The game lasted 00:03:27 (1263 turns).

1994 the Stinger (Naga Venom Mage)                  Turns: 1263, Time: 00:03:27

Health: -3/28      AC:  2    Str: 10    XL:     3   Next: 60%
Magic:  0/6        EV: 10    Int: 16    God:
Gold:   52         SH:  0    Dex: 11    Spells: 3/6 levels left

rFire    . . .     SeeInvis +   (no weapon)
rCold    . . .     Gourm    .   (no shield)
rNeg     . . .     Faith    .   a - +0 robe
rPois    +         Spirit   .   (no helmet)
rElec    .         Reflect  .   (no cloak)
rCorr    .         Harm     .   (no gloves)
MR       .....                  (no barding)
Stlth    ++........             (no amulet)
HPRegen  0.09/turn              (no ring)
MPRegen  0.10/turn              (no ring)

@: short of breath, very slow
A: large, see invisible, deformed body, poison resistance, slowness 2, slow
metabolism 1, spit poison 1, AC +1
a: Spit Poison


You were on level 2 of the Dungeon.
You were not hungry.

You visited 1 branch of the dungeon, and saw 2 of its levels.

You collected 52 gold pieces.

Inventory:

Missiles
 e - 4 tomahawks (quivered)
Armour
 a - a +0 robe (worn)
Scrolls
 b - 2 scrolls of remove curse {unknown}
 f - a scroll of enchant armour {unknown}
 h - a scroll of fear {unknown}
Potions
 g - a potion of mutation {unknown}
Comestibles
 c - a ration
 d - 4 chunks of flesh


   Skills:
 + Level 1.9 Dodging
 + Level 3.6 Stealth
 + Level 2.2 Spellcasting
 + Level 1.5 Conjurations
 + Level 0.5 Air Magic
 * Level 4.6 Poison Magic


You had 3 spell levels left.
You knew the following spells:

 Your Spells              Type           Power        Failure   Level  Hunger
a - Sting                 Conj/Pois      ##..         6%          1    #......
b - Poisonous Vapours     Pois/Air       ##....       11%         2    ###....

Your spell library contained the following spells:

 Spells                   Type           Power        Failure   Level  Hunger
 Mephitic Cloud           Conj/Pois/Air  #.......     24%         3    ###....
 Olgreb's Toxic Radiance  Pois           ###.....     30%         4    #####..
 Venom Bolt               Conj/Pois      ##........   85%         5    ######.


Dungeon Overview and Level Annotations

Branches:
Dungeon (2/15)

Altars:


Innate Abilities, Weirdness & Mutations

You cannot wear boots.
Your serpentine skin is tough. (AC +1)
You have supernaturally acute eyesight. (SInv)
Armour fits poorly on your strangely shaped body.
Your system is resistant to poisons. (rPois)
You cover ground very slowly.
You have a slow metabolism.
You can spit poison.


Message History

The sting misses the gnoll.
The gnoll hits you but does no damage.
Casting: Sting (safe; 6% risk of failure)
Confirm with . or Enter, or press ? or * to list all spells.
Okay, then.
You feel a bit more experienced.
Press: ? - help, Shift-Dir - straight line, f - gnoll
Aim: a gnoll The splash of poison hits the gnoll!
The gnoll is heavily wounded.
You feel slightly more hungry.
Casting: Sting (safe; 6% risk of failure)
Confirm with . or Enter, or press ? or * to list all spells.
Aiming: Sting (safe; 6% risk of failure)
Press: ? - help, Shift-Dir - straight line, f/p - gnoll
Aim: a gnoll (heavily wounded)
The sting hits the gnoll but does no damage.
The gnoll is poisoned.
The gnoll is heavily wounded.
The gnoll hits you.
You die...

##.## #..#
##†# #.# #.#
## #.# ..
#.##.# #..#.#
##@#.# #
#g#.#.###
#..g#...#.#
##........
#).#.#.#.# ###
##........
#.####...#.#..
#..÷.....# #
#.#####.>#


You could see a gnoll.

Vanquished Creatures
  2 gnolls (D:2)
  A leopard gecko (D:2)
  A giant cockroach (D:1)
  8 goblins
  2 hobgoblins
  3 kobolds (D:1)
  A ball python (D:1)
  A bat (D:1)
  3 rats
22 creatures vanquished.

Notes
Turn   | Place    | Note
-------+----------+-------------------------------------------
     0 | D:1      | 1994 the Naga Venom Mage began the quest for the Orb.
     0 | D:1      | Reached XP level 1. HP: 15/15 MP: 3/3
   454 | D:1      | Reached XP level 2. HP: 20/22 MP: 3/5
   461 | D:1      | Learned a level 2 spell: Poisonous Vapours
  1196 | D:2      | Reached XP level 3. HP: 19/28 MP: 3/6
  1259 | D:2      | HP: 1/28 [gnoll/+0 spear (12)]
  1263 | D:2      | Slain by a gnoll

Action                   || total
-------------------------++-------
Melee: Unarmed           ||     2
 Cast: Sting             ||    37
       Poisonous Vapours ||     3
 Abil: Spit Poison       ||     1
  Eat: Chunk             ||     1
Armor: Robe              ||     2
Dodge: Dodged            ||     4
